AoeStats
← Michi3052

Arabia

503614143Analyzed
1v1 RM · 1mo ago on Sep 1, 2026· 34m 6s· 2 players
Game mode
Random Map
Map size
Tiny (2 player)
Population
200
Speed
Normal
Resources
Standard
Victory
Conquest
Starting age
Dark Age
Ending age
Imperial Age
RankedLock teamsTeams togetherTeam positionsShared explorationLock speedFull tech treeHidden civsTurbo modeCheats
Victory
Defeat
🇪🇸 Sicilians · Spain
720
+16
🇨🇭 Franks · Switzerland
722
-16
Michi3052
10:51 Feudal Age
22:04 Fletching
22:15 Scale Mail Armor
33:37 Castle Age
lucas.dangelo.20
10:01 Feudal Age
11:00 Double-Bit Axe
21:14 Castle Age
33:23 Loom
Connection lost

Rejoining the realm…

Still unreachable

The connection could not be restored.

Session expired

The server has moved on; the page needs a fresh start.